[Event "Italian Women Championship 2023"]
[Site "Brescia"]
[Date "2023.12.03"]
[Round "1.1"]
[White "Rubinshtein, Kamilla"]
[Black "Sedina, Elena"]
[Result "0-1"]
[ECO "C17"]
[WhiteElo "1921"]
[BlackElo "2169"]
[Annotator "RC"]
[PlyCount "64"]
[EventDate "2023.12.03"]
[EventType "tourn"]
[EventCountry "ITA"]
[SourceTitle "playchess.com"]
[Source "ChessBase"]
[SourceQuality "1"]
[TimeControl "40/6000+30:20/3000+30:900+30"]

1. e4 e6 2. d4 d5 3. Nc3 Bb4 4. e5 c5 5. Bd2 Ne7 6. a3 Bxc3 7. Bxc3 b6 8. Nf3 Qc7 9. h4 Ba6 10. Bxa6 Nxa6 11. Qe2 Nb8 12. h5 h6 13. O-O-O Nbc6 14. Rh3 c4 15. Nh4 b5 16. Qg4 Rg8 17. f4 Qd7 18. Qf3 Nf5 19. g4 Nxh4 20. Rxh4 a5 21. Be1 b4 22. Rh3 Qb7 23. Qe3 c3 24. b3 a4 25. axb4 axb3 26. Qxc3 bxc2 27. Kxc2 Nxe5 28. Kb1 Nc4 29. Rdd3 Qa6 30. Rh2 Na3+ 31. Kb2 Nb5 32. Qb3 Qa1+ 0-1

[Event "Italian Women Championship 2023"]
[Site "Brescia"]
[Date "2023.12.03"]
[Round "1.2"]
[White "Cassi, Elisa"]
[Black "Sala, Giulia"]
[Result "1-0"]
[ECO "B27"]
[WhiteElo "1951"]
[BlackElo "2045"]
[Annotator "NA RC"]
[PlyCount "85"]
[EventDate "2023.12.03"]
[EventType "tourn"]
[EventCountry "ITA"]
[SourceTitle "playchess.com"]
[Source "ChessBase"]
[SourceQuality "1"]
[TimeControl "40/6000+30:20/3000+30:900+30"]

1. e4 c5 2. Nf3 g6 3. c3 Nf6 4. e5 Nd5 5. d4 cxd4 6. Qxd4 e6 7. Bc4 Nc6 8. Qe4 Nce7 9. O-O Bg7 10. Bg5 h6 11. Bh4 Qc7 12. Na3 f5 13. exf6 Nxf6 14. Nb5 Qb8 15. Qd3 a6 16. Bg3 axb5 17. Bxb8 bxc4 18. Qd6 Nf5 19. Qc7 O-O 20. h3 d6 21. g4 Nd5 22. Qxc4 Nfe7 23. Bxd6 Rxf3 24. Qe4 Rf7 25. Rfd1 Bd7 26. Bxe7 Rxe7 27. Rxd5 Bc6 28. Qb4 Rf7 29. Rd3 Raf8 30. Qc5 e5 31. Rad1 Bf6 32. b4 Bh4 33. R1d2 e4 34. Rd6 Kh7 35. Re6 Bg5 36. Re2 Rd8 37. b5 Rd5 38. Rxc6 bxc6 39. Qxc6 Rd1+ 40. Kg2 e3 41. fxe3 h5 42. b6 h4 43. a4 1-0

[Event "Italian Women Championship 2023"]
[Site "Brescia"]
[Date "2023.12.03"]
[Round "1.3"]
[White "Brunello, Marina"]
[Black "Martinelli, Valeria"]
[Result "1-0"]
[ECO "C54"]
[WhiteElo "2343"]
[BlackElo "1976"]
[Annotator "RC"]
[PlyCount "97"]
[EventDate "2023.12.03"]
[EventType "tourn"]
[EventCountry "ITA"]
[SourceTitle "playchess.com"]
[Source "ChessBase"]
[SourceQuality "1"]
[TimeControl "40/6000+30:20/3000+30:900+30"]

1. e4 e5 2. Bc4 Nc6 3. Nf3 Bc5 4. d3 Nf6 5. c3 d6 6. Bb3 a5 7. h3 h6 8. Nbd2 Ba7 9. Nf1 Ne7 10. Ng3 Bd7 11. O-O g5 12. Be3 Ng6 13. Bxa7 Rxa7 14. d4 O-O 15. Nf5 Nxe4 16. Nxh6+ Kg7 17. Nxf7 Rxf7 18. Bxf7 Kxf7 19. Re1 d5 20. dxe5 c6 21. c4 Bf5 22. Nd4 Qb6 23. cxd5 cxd5 24. Nxf5 Qxf2+ 25. Kh1 Nf4 26. Qf3 Qxf3 27. gxf3 Nf2+ 28. Kh2 Ra8 29. Rac1 Ne6 30. Rc2 Nd3 31. Re3 Ndf4 32. Nd6+ Kg6 33. Rc8 d4 34. Re1 Rxc8 35. Nxc8 Nd3 36. Re2 Ndf4 37. Rd2 Kf5 38. Nd6+ Kxe5 39. Nc4+ Kd5 40. Nxa5 b6 41. Nb3 d3 42. Kg3 Nc5 43. Nxc5 Kxc5 44. h4 Kd4 45. hxg5 Ke3 46. Rd1 Ng6 47. Re1+ Kd4 48. Re4+ Kd5 49. Kf2 1-0

[Event "Italian Women Championship 2023"]
[Site "Brescia"]
[Date "2023.12.03"]
[Round "1.4"]
[White "Zimina, Olga"]
[Black "Gueci, Tea"]
[Result "1-0"]
[ECO "D30"]
[WhiteElo "2277"]
[BlackElo "2160"]
[Annotator "RC"]
[PlyCount "195"]
[EventDate "2023.12.03"]
[EventType "tourn"]
[EventCountry "ITA"]
[SourceTitle "playchess.com"]
[Source "ChessBase"]
[SourceQuality "1"]
[TimeControl "40/6000+30:20/3000+30:900+30"]

1. Nf3 d5 2. d4 e6 3. c4 Nd7 4. Nbd2 Ngf6 5. g3 c5 6. Bg2 cxd4 7. cxd5 e5 8. O-O Nxd5 9. Nxd4 N7b6 10. N4f3 Qc7 11. Nb3 f6 12. Bd2 Be6 13. Rc1 Qf7 14. Na5 Rd8 15. a3 Bc8 16. Qc2 Bd6 17. Rfd1 O-O 18. e4 Nc7 19. Be3 Ne6 20. Bf1 f5 21. exf5 Nd4 22. Nxd4 exd4 23. Rxd4 Bxf5 24. Qd2 Bc7 25. Bg2 Rb8 26. Bf4 Bxf4 27. Qxf4 Qe7 28. Qd2 h6 29. h4 Rf7 30. Re1 Qc7 31. Qf4 Qxf4 32. Rxf4 Bg6 33. Rxf7 Bxf7 34. Re7 Rc8 35. Re2 Rc1+ 36. Kh2 Nc4 37. Nxc4 Bxc4 38. Re7 b5 39. Rc7 Rd1 40. a4 a6 41. Bb7 Rd2 42. Bxa6 Rxf2+ 43. Kg1 Rxb2 44. Rc5 Rb1+ 45. Kf2 Rb2+ 46. Ke1 Re2+ 47. Kd1 Rg2 48. axb5 Bxb5 49. Bxb5 Rxg3 50. Rc8+ Kh7 51. Be2 g6 52. Rc7+ Kh8 53. Ke1 Rh3 54. Rc4 Rh2 55. Kf1 Kg7 56. Bf3 Rb2 57. Be2 Rb6 58. Kf2 h5 59. Kg3 Rf6 60. Bd3 Kh6 61. Rc5 Rd6 62. Be4 Rf6 63. Rg5 Kg7 64. Re5 Kf8 65. Bf3 Rf5 66. Re6 Kg7 67. Be4 Rf6 68. Re5 Kf8 69. Ra5 Kg7 70. Ra4 Kf8 71. Bf3 Kg7 72. Kf2 Kh6 73. Ra5 Rf4 74. Kg3 Rf6 75. Ra8 Re6 76. Kf4 Rf6+ 77. Ke3 g5 78. Rh8+ Kg7 79. Rxh5 gxh4 80. Rxh4 Rh6 81. Ra4 Re6+ 82. Be4 Re5 83. Kd4 Rg5 84. Ra7+ Kf6 85. Bd5 Rg4+ 86. Kc5 Rg7 87. Ra1 Re7 88. Kd6 Re3 89. Rf1+ Kg7 90. Be6 Rg3 91. Ke7 Rg5 92. Rf8 Re5 93. Rg8+ Kh7 94. Rg1 Re3 95. Kf6 Rf3+ 96. Bf5+ Kh8 97. Rh1+ Kg8 98. Ra1 1-0

[Event "Italian Women Championship 2023"]
[Site "Brescia"]
[Date "2023.12.04"]
[Round "2.1"]
[White "Sedina, Elena"]
[Black "Gueci, Tea"]
[Result "1-0"]
[ECO "B12"]
[WhiteElo "2169"]
[BlackElo "2160"]
[Annotator "ChessBase"]
[PlyCount "70"]
[EventDate "2023.12.03"]
[EventType "tourn"]
[EventCountry "ITA"]
[SourceTitle "playchess.com"]
[Source "ChessBase"]
[SourceQuality "1"]
[TimeControl "40/6000+30:20/3000+30:900+30"]

1. e4 c6 2. d4 d5 3. e5 c5 4. Nf3 cxd4 5. Qxd4 Nc6 6. Qf4 e6 7. Bd3 Qc7 8. Nc3 a6 9. O-O g6 10. Re1 Bg7 11. Qg3 Nge7 12. Bg5 Nb4 13. Qf4 Nxd3 14. cxd3 O-O 15. Rac1 Nc6 16. Qh4 Qb6 17. b3 Qb4 18. d4 Re8 19. Na4 Qf8 20. Bf6 Ra7 21. Rc3 b5 22. Bxg7 Qxg7 23. Rxc6 bxa4 24. Rec1 Bd7 25. Rc7 Rxc7 26. Rxc7 Rc8 27. Rxc8+ Bxc8 28. Qd8+ Qf8 29. Qxf8+ Kxf8 30. bxa4 Bd7 31. a5 Bb5 32. Ng5 h6 33. Nh7+ Ke7 34. f4 Bc4 35. Nf6 Bxa2 1-0

[Event "Italian Women Championship 2023"]
[Site "Brescia"]
[Date "2023.12.04"]
[Round "2.2"]
[White "Martinelli, Valeria"]
[Black "Zimina, Olga"]
[Result "0-1"]
[ECO "B13"]
[WhiteElo "1976"]
[BlackElo "2277"]
[Annotator "RC"]
[PlyCount "116"]
[EventDate "2023.12.03"]
[EventType "tourn"]
[EventCountry "ITA"]
[SourceTitle "playchess.com"]
[Source "ChessBase"]
[SourceQuality "1"]
[TimeControl "40/6000+30:20/3000+30:900+30"]

1. e4 c6 2. d4 d5 3. exd5 cxd5 4. Bd3 Nc6 5. c3 Qc7 6. Nf3 Bg4 7. Be3 e6 8. Nbd2 Nf6 9. O-O Bd6 10. h3 Bh5 11. Qc2 Bg6 12. Bxg6 hxg6 13. Rfe1 O-O 14. Nf1 b5 15. Rac1 Rfc8 16. Ng5 Ne7 17. Qe2 Qc4 18. Bd2 Qxe2 19. Rxe2 Nc6 20. g3 a5 21. Ne3 b4 22. Rf1 bxc3 23. Bxc3 Bb4 24. Rc2 Bxc3 25. bxc3 Rab8 26. Rd1 a4 27. Kf1 Na5 28. Ke2 Ne8 29. f4 Nd6 30. g4 Re8 31. Kd3 f6 32. Nf3 Rec8 33. Nd2 Nc6 34. Rf1 Kf7 35. f5 Rh8 36. fxe6+ Kxe6 37. Rf3 Rh7 38. a3 Rbh8 39. Nxd5 Kxd5 40. c4+ Ke6 41. d5+ Kd7 42. dxc6+ Kxc6 43. c5 Nb7 44. Ne4 Rxh3 45. Rcf2 Nxc5+ 46. Nxc5 Kxc5 47. Ke4 Re8+ 48. Kf4 Rxf3+ 49. Rxf3 Kd4 50. Rf1 Re4+ 51. Kg3 Re3+ 52. Kh4 Rxa3 53. g5 Ke5 54. Re1+ Kf5 55. Rf1+ Ke6 56. Rf4 Ra1 57. Rb4 a3 58. Rb6+ Ke5 0-1

[Event "Italian Women Championship 2023"]
[Site "Brescia"]
[Date "2023.12.04"]
[Round "2.3"]
[White "Sala, Giulia"]
[Black "Brunello, Marina"]
[Result "0-1"]
[ECO "B90"]
[WhiteElo "2045"]
[BlackElo "2343"]
[Annotator "RC"]
[PlyCount "80"]
[EventDate "2023.12.03"]
[EventType "tourn"]
[EventCountry "ITA"]
[SourceTitle "playchess.com"]
[Source "ChessBase"]
[SourceQuality "1"]
[TimeControl "40/6000+30:20/3000+30:900+30"]

1. e4 c5 2. Nf3 d6 3. d4 cxd4 4. Nxd4 Nf6 5. Nc3 a6 6. Rg1 h5 7. h3 g6 8. Be3 Bg7 9. f4 Nc6 10. Qf3 Bd7 11. O-O-O Qc8 12. Be2 h4 13. Rge1 Qc7 14. Kb1 Rc8 15. Qf2 Na5 16. Ndb5 axb5 17. Bb6 Nxe4 18. Bxc7 Nxf2 19. Bxa5 Nxd1 20. Rxd1 Bxc3 21. Bxc3 f6 22. Bb4 Kf7 23. Rd2 Bc6 24. Bg4 f5 25. Bd1 Be4 26. Kc1 Rhg8 27. Bc3 g5 28. Rf2 gxf4 29. Rxf4 e5 30. Rxh4 Bxg2 31. Rh6 Ke7 32. Bb4 Rcd8 33. h4 Be4 34. Rh7+ Kf6 35. Be2 f4 36. Rh6+ Rg6 37. Rxg6+ Kxg6 38. Bxb5 Kh5 39. Be1 Rc8 40. c3 Rg8 0-1

[Event "Italian Women Championship 2023"]
[Site "Brescia"]
[Date "2023.12.04"]
[Round "2.4"]
[White "Rubinshtein, Kamilla"]
[Black "Cassi, Elisa"]
[Result "0-1"]
[ECO "B13"]
[WhiteElo "1921"]
[BlackElo "1951"]
[Annotator "NA"]
[PlyCount "84"]
[EventDate "2023.12.03"]
[EventType "tourn"]
[EventCountry "ITA"]
[SourceTitle "playchess.com"]
[Source "ChessBase"]
[SourceQuality "1"]
[TimeControl "40/6000+30:20/3000+30:900+30"]

1. e4 c6 2. d4 d5 3. exd5 cxd5 4. Nf3 Nf6 5. Ne5 a6 6. Bd3 Nc6 7. Nxc6 bxc6 8. h3 e6 9. O-O c5 10. c3 Qb6 11. a4 cxd4 12. cxd4 Bd7 13. Qe2 Be7 14. Nc3 Qxd4 15. Bxa6 Qb6 16. Bd3 O-O 17. Nb5 Bxb5 18. Bxb5 Bb4 19. Bf4 Ne4 20. Rac1 Rfc8 21. Be3 Qd6 22. Rfd1 f5 23. f3 Ng3 24. Qd3 f4 25. Bf2 Bc5 26. Bxc5 Rxc5 27. Rxc5 Qxc5+ 28. Qd4 Qd6 29. Rc1 Nf5 30. Rc6 Nxd4 31. Rxd6 Rc8 32. b4 Kf7 33. Bd3 Rc3 34. Bxh7 g6 35. Rd7+ Kf6 36. h4 Nf5 37. a5 Ng3 38. Kh2 Rc1 39. Kh3 Nf5 40. Kg4 Rh1 41. Rf7+ Kxf7 42. Kxf4 Kf6 0-1

[Event "Italian Women Championship 2023"]
[Site "Brescia"]
[Date "2023.12.05"]
[Round "3.1"]
[White "Cassi, Elisa"]
[Black "Sedina, Elena"]
[Result "1/2-1/2"]
[ECO "A07"]
[WhiteElo "1951"]
[BlackElo "2169"]
[Annotator "RC"]
[PlyCount "165"]
[EventDate "2023.12.03"]
[EventType "tourn"]
[EventCountry "ITA"]
[SourceTitle "playchess.com"]
[Source "ChessBase"]
[SourceQuality "1"]
[TimeControl "40/6000+30:20/3000+30:900+30"]

1. Nf3 d5 2. g3 Bg4 3. Bg2 e6 4. O-O Nf6 5. h3 Bh5 6. c4 c6 7. d4 Nbd7 8. cxd5 exd5 9. Ne5 Bg6 10. Nc3 Be7 11. f4 Be4 12. Nxe4 Nxe4 13. Bxe4 dxe4 14. Qb3 Nxe5 15. dxe5 Qd7 16. Kg2 c5 17. Rd1 Qc6 18. Be3 b6 19. a4 Rc8 20. Qb5 f5 21. Qc4 h5 22. Rd2 h4 23. Rad1 Qg6 24. Bf2 e3 25. Rd6 Bxd6 26. Rxd6 Qf7 27. Qb5+ Kf8 28. Bxe3 hxg3 29. e6 Qb7+ 30. Kxg3 Qe7 31. Qd3 Qh4+ 32. Kg2 Qxh3+ 33. Kf2 Re8 34. a5 Qh4+ 35. Kf1 Qh1+ 36. Bg1 Qh3+ 37. Qxh3 Rxh3 38. axb6 axb6 39. Rxb6 Rh6 40. Bxc5+ Kg8 41. b4 Rhxe6 42. Rxe6 Rxe6 43. b5 Re4 44. e3 Kf7 45. Ke2 Rc4 46. Bd4 Rb4 47. b6 g6 48. Kd3 Ke6 49. Bc5 Rb1 50. Kc4 Kd7 51. Kd5 Rb5 52. Kc4 Kc6 53. Bd4 Rb1 54. Kc3 Kd5 55. Kd3 Rb3+ 56. Kc2 Kc4 57. Kd2 Rb1 58. Kc2 Rb5 59. Kd2 Rd5 60. Kc2 Rb5 61. Kd2 Rd5 62. Kc2 Rd7 63. Be5 Kc5 64. Bc7 Kc6 65. Kc3 Rd1 66. Kc4 Rd7 67. Kc3 Re7 68. Kd4 Re4+ 69. Kd3 Rb4 70. Kc3 Ra4 71. Kd3 Rb4 72. Kc3 Rb1 73. Kc4 Ra1 74. Kd4 Ra5 75. Kc4 Ra3 76. Kd4 Rb3 77. Bd8 Rb5 78. Bc7 Ra5 79. Kd3 Rd5+ 80. Kc3 Rd1 81. Kc4 Rd7 82. Kc3 Kb5 83. Kb3 1/2-1/2

[Event "Italian Women Championship 2023"]
[Site "Brescia"]
[Date "2023.12.05"]
[Round "3.2"]
[White "Brunello, Marina"]
[Black "Rubinshtein, Kamilla"]
[Result "1-0"]
[ECO "B85"]
[WhiteElo "2343"]
[BlackElo "1921"]
[Annotator "RC"]
[PlyCount "91"]
[EventDate "2023.12.03"]
[EventType "tourn"]
[EventCountry "ITA"]
[SourceTitle "playchess.com"]
[Source "ChessBase"]
[SourceQuality "1"]
[TimeControl "40/6000+30:20/3000+30:900+30"]

1. e4 c5 2. Nf3 Nc6 3. d4 cxd4 4. Nxd4 e6 5. Nc3 Qc7 6. Be2 a6 7. Be3 Nf6 8. O-O Be7 9. Kh1 O-O 10. f4 d6 11. Qe1 Nxd4 12. Bxd4 b5 13. a3 Bb7 14. Qg3 Bc6 15. Rae1 Rad8 16. Bd3 Qd7 17. Re2 Nh5 18. Qg4 e5 19. Qxh5 exd4 20. Nd5 Bxd5 21. exd5 g6 22. Qh6 Rfe8 23. f5 Bf8 24. Rxe8 Qxe8 25. Qh4 Qe7 26. Qxd4 Qe5 27. Qb6 Be7 28. b4 Bg5 29. Qxa6 Bf4 30. Qxb5 Bxh2 31. Qc4 Bg3 32. Qg4 Ra8 33. Qf3 g5 34. f6 Qf4 35. Qxf4 Bxf4 36. b5 Be3 37. Re1 Bd4 38. g4 Bxf6 39. b6 Rb8 40. Rb1 Bd4 41. b7 Kg7 42. Bf5 h6 43. Bc8 h5 44. gxh5 Kh6 45. Rb4 Bc5 46. Ra4 1-0

[Event "Italian Women Championship 2023"]
[Site "Brescia"]
[Date "2023.12.05"]
[Round "3.3"]
[White "Zimina, Olga"]
[Black "Sala, Giulia"]
[Result "1-0"]
[ECO "B08"]
[WhiteElo "2277"]
[BlackElo "2045"]
[Annotator "RC"]
[PlyCount "57"]
[EventDate "2023.12.03"]
[EventType "tourn"]
[EventCountry "ITA"]
[SourceTitle "playchess.com"]
[Source "ChessBase"]
[SourceQuality "1"]
[TimeControl "40/6000+30:20/3000+30:900+30"]

1. d4 Nf6 2. Nf3 g6 3. Nbd2 d5 4. e3 Bg7 5. Bd3 O-O 6. O-O c6 7. e4 dxe4 8. Nxe4 Nbd7 9. c3 Nxe4 10. Bxe4 c5 11. Bc2 cxd4 12. Nxd4 a6 13. Bg5 h6 14. Bh4 Re8 15. Re1 Qb6 16. Bxe7 Qxb2 17. Re3 Rxe7 18. Rxe7 Qxc3 19. Bb3 Nc5 20. Bxf7+ Kf8 21. Rc7 Bxd4 22. Rc1 Qb2 23. Rc2 Qb6 24. R2xc5 Qd6 25. Rxc8+ Rxc8 26. Rxc8+ Kxf7 27. Qf3+ Ke6 28. Re8+ Kd7 29. Qf7+ 1-0

[Event "Italian Women Championship 2023"]
[Site "Brescia"]
[Date "2023.12.05"]
[Round "3.4"]
[White "Gueci, Tea"]
[Black "Martinelli, Valeria"]
[Result "1-0"]
[ECO "C41"]
[WhiteElo "2160"]
[BlackElo "1976"]
[Annotator "RC"]
[PlyCount "81"]
[EventDate "2023.12.03"]
[EventType "tourn"]
[EventCountry "ITA"]
[SourceTitle "playchess.com"]
[Source "ChessBase"]
[SourceQuality "1"]
[TimeControl "40/6000+30:20/3000+30:900+30"]

1. e4 d6 2. d4 Nf6 3. Nc3 e5 4. Nf3 Nbd7 5. Bc4 Be7 6. O-O O-O 7. Re1 c6 8. a4 b6 9. Ba2 Bb7 10. h3 Qc7 11. Rb1 a6 12. Bg5 Rfe8 13. dxe5 dxe5 14. Qe2 Nf8 15. Be3 Bc8 16. Bxf7+ Kxf7 17. Qc4+ Be6 18. Ng5+ Kg8 19. Nxe6 Nxe6 20. Qxe6+ Kh8 21. Qc4 Qb7 22. b4 b5 23. Qb3 Rf8 24. Red1 Rad8 25. f3 Bd6 26. axb5 cxb5 27. Kh2 Rfe8 28. Rd3 Nh5 29. Rbd1 Qe7 30. Ne2 Bc7 31. Bc5 Qf6 32. Rd7 Qg6 33. Bf2 h6 34. R1d3 Rxd7 35. Rxd7 Bd6 36. c3 Rc8 37. Qd1 Rc6 38. Qd5 Bf8 39. Rd8 Rf6 40. Qa8 Qf7 41. Bc5 1-0

[Event "Italian Women Championship 2023"]
[Site "Brescia"]
[Date "2023.12.06"]
[Round "4.1"]
[White "Sedina, Elena"]
[Black "Martinelli, Valeria"]
[Result "1-0"]
[ECO "C50"]
[WhiteElo "2169"]
[BlackElo "1976"]
[Annotator "RC"]
[PlyCount "73"]
[EventDate "2023.12.03"]
[EventType "tourn"]
[EventCountry "ITA"]
[SourceTitle "playchess.com"]
[Source "ChessBase"]
[SourceQuality "1"]
[TimeControl "40/6000+30:20/3000+30:900+30"]

1. e4 e5 2. Bc4 Nc6 3. Nf3 Nf6 4. d3 Bc5 5. a4 a5 6. Nc3 d6 7. h3 h6 8. Be3 Ba7 9. Qd2 Be6 10. Bb5 O-O 11. Bxc6 bxc6 12. Bxa7 Rxa7 13. d4 exd4 14. Nxd4 Bd7 15. O-O Rb7 16. Rfe1 Re8 17. Re3 d5 18. e5 Nh7 19. Nb3 Bf5 20. g4 Bc8 21. Nxa5 Rxb2 22. Nxc6 Qh4 23. Nxd5 Bb7 24. Nde7+ Kf8 25. Nf5 Qg5 26. Qc3 Rb6 27. Qc5+ Kg8 28. Nfe7+ Kh8 29. a5 Rb2 30. Qc3 Rb5 31. a6 Ba8 32. Qc4 Rb2 33. f4 Rxc2 34. Qxc2 Qxf4 35. Qf2 Qg5 36. Rd1 h5 37. Rg3 1-0

[Event "Italian Women Championship 2023"]
[Site "Brescia"]
[Date "2023.12.06"]
[Round "4.2"]
[White "Sala, Giulia"]
[Black "Gueci, Tea"]
[Result "1/2-1/2"]
[ECO "B12"]
[WhiteElo "2045"]
[BlackElo "2160"]
[Annotator "RC"]
[PlyCount "41"]
[EventDate "2023.12.03"]
[EventType "tourn"]
[EventCountry "ITA"]
[SourceTitle "playchess.com"]
[Source "ChessBase"]
[SourceQuality "1"]
[TimeControl "40/6000+30:20/3000+30:900+30"]

1. e4 c6 2. d4 d5 3. e5 Bf5 4. h4 h5 5. Bd3 Bxd3 6. Qxd3 Qa5+ 7. Nd2 e6 8. Ne2 c5 9. c4 cxd4 10. O-O Nc6 11. cxd5 Qxd5 12. Nf3 Rd8 13. Bg5 Be7 14. Nf4 Nxe5 15. Nxe5 Qxe5 16. Rfe1 Qf5 17. Qxf5 exf5 18. Rac1 d3 19. Bxe7 Nxe7 20. Rc7 Rd7 21. Rc8+ 1/2-1/2

[Event "Italian Women Championship 2023"]
[Site "Brescia"]
[Date "2023.12.06"]
[Round "4.3"]
[White "Rubinshtein, Kamilla"]
[Black "Zimina, Olga"]
[Result "0-1"]
[ECO "B18"]
[WhiteElo "1921"]
[BlackElo "2277"]
[Annotator "RC"]
[PlyCount "166"]
[EventDate "2023.12.03"]
[EventType "tourn"]
[EventCountry "ITA"]
[SourceTitle "playchess.com"]
[Source "ChessBase"]
[SourceQuality "1"]
[TimeControl "40/6000+30:20/3000+30:900+30"]

1. e4 c6 2. d4 d5 3. Nc3 dxe4 4. Nxe4 Bf5 5. Ng3 Bg6 6. N1e2 Nf6 7. Nf4 e5 8. Nxg6 hxg6 9. dxe5 Qxd1+ 10. Kxd1 Ng4 11. Ne4 Nxe5 12. Be2 Be7 13. c3 Rh4 14. f3 f6 15. Be3 Nbd7 16. Bf2 Rh8 17. Kc2 Nb6 18. f4 Nf7 19. c4 O-O-O 20. a4 f5 21. Nc3 Kb8 22. a5 Nd7 23. a6 b6 24. Bf3 Kc7 25. Ne2 Rde8 26. Rhe1 Bb4 27. Rh1 Nd6 28. b3 Ne4 29. Be1 Bxe1 30. Raxe1 Ndc5 31. Nc3 Nf2 32. Rxe8 Rxe8 33. Rf1 Nfd3 34. Ne2 Nb4+ 35. Kb2 Rd8 36. Nc1 Ncxa6 37. Kc3 Re8 38. Rd1 c5 39. Kb2 Re3 40. Rd2 Nb8 41. Re2 Rxe2+ 42. Nxe2 Nd7 43. g3 Nf6 44. Kc3 a6 45. Ng1 Nh7 46. Nh3 Kd6 47. Kd2 Ke7 48. Bg2 Kf6 49. Nf2 g5 50. fxg5+ Nxg5 51. Nd1 Ke5 52. Nb2 Kd6 53. Na4 Kc7 54. Ke3 Ne6 55. Bf3 Nc2+ 56. Kd2 Ncd4 57. Bd1 b5 58. Nc3 b4 59. Nd5+ Kd6 60. Ke3 g5 61. Kd3 g4 62. Ke3 Ke5 63. Nb6 Nd8 64. Nd7+ Kd6 65. Nb6 N8c6 66. Nd5 a5 67. Nb6 Ne5 68. Na4 Nd7 69. Nb2 Ne5 70. Na4 Kc6 71. Nb2 Ng6 72. Na4 Nf8 73. Nb2 Nfe6 74. Nd3 Kd6 75. Nf2 Ng5 76. Nd3 Ne4 77. Nc1 Nc3 78. Kd2 Nxd1 79. Kxd1 Nf3 80. Ke2 Nxh2 81. Ke3 Nf3 82. Kf4 Nd4 83. Ke3 Ke6 0-1

[Event "Italian Women Championship 2023"]
[Site "Brescia"]
[Date "2023.12.06"]
[Round "4.4"]
[White "Cassi, Elisa"]
[Black "Brunello, Marina"]
[Result "0-1"]
[ECO "B41"]
[WhiteElo "1951"]
[BlackElo "2343"]
[Annotator "RC"]
[PlyCount "60"]
[EventDate "2023.12.03"]
[EventType "tourn"]
[EventCountry "ITA"]
[SourceTitle "playchess.com"]
[Source "ChessBase"]
[SourceQuality "1"]
[TimeControl "40/6000+30:20/3000+30:900+30"]

1. e4 c5 2. Nf3 a6 3. c4 d6 4. d4 cxd4 5. Nxd4 Nf6 6. Nc3 e6 7. Be2 Qc7 8. O-O b6 9. f4 Bb7 10. Bf3 Nbd7 11. Be3 Rc8 12. Rc1 Qb8 13. b4 Be7 14. Qd3 h5 15. Bf2 h4 16. Rfe1 g5 17. e5 dxe5 18. fxe5 Ng8 19. Nxe6 Bxf3 20. Ng7+ Kf8 21. gxf3 Nxe5 22. Rxe5 Qxe5 23. Bd4 Qf4 24. Ne2 Qc7 25. Nf5 Nf6 26. Qc3 Re8 27. Nxe7 Rxe7 28. Bxf6 Rxe2 29. Be7+ Kxe7 30. Kf1 Qxh2 0-1

[Event "Italian Women Championship 2023"]
[Site "Brescia"]
[Date "2023.12.07"]
[Round "5.1"]
[White "Brunello, Marina"]
[Black "Sedina, Elena"]
[Result "1-0"]
[ECO "C18"]
[WhiteElo "2343"]
[BlackElo "2169"]
[Annotator "RC"]
[PlyCount "55"]
[EventDate "2023.12.03"]
[EventType "tourn"]
[EventCountry "ITA"]
[SourceTitle "playchess.com"]
[Source "ChessBase"]
[SourceQuality "1"]
[TimeControl "40/6000+30:20/3000+30:900+30"]

1. e4 e6 2. d4 d5 3. Nc3 Bb4 4. e5 c5 5. a3 Bxc3+ 6. bxc3 Nc6 7. Qg4 g6 8. Bd2 Qa5 9. Nf3 Qa4 10. Ra2 Bd7 11. Qf4 c4 12. Ng5 Nd8 13. Be2 h6 14. Nf3 Nc6 15. h4 Rh7 16. Nh2 O-O-O 17. Ng4 g5 18. Qg3 Qb5 19. O-O h5 20. Nf6 Nxf6 21. exf6 gxh4 22. Qxh4 e5 23. dxe5 Nxe5 24. Qd4 Nc6 25. Qf4 Rg8 26. Bf3 Bg4 27. Bxg4+ hxg4 28. Qf5+ 1-0

[Event "Italian Women Championship 2023"]
[Site "Brescia"]
[Date "2023.12.07"]
[Round "5.2"]
[White "Zimina, Olga"]
[Black "Cassi, Elisa"]
[Result "1-0"]
[ECO "A13"]
[WhiteElo "2277"]
[BlackElo "1951"]
[Annotator "RC"]
[PlyCount "65"]
[EventDate "2023.12.03"]
[EventType "tourn"]
[EventCountry "ITA"]
[SourceTitle "playchess.com"]
[Source "ChessBase"]
[SourceQuality "1"]
[TimeControl "40/6000+30:20/3000+30:900+30"]

1. c4 e6 2. g3 d5 3. Bg2 Nf6 4. Nf3 dxc4 5. Qa4+ c6 6. Qxc4 b5 7. Qc2 Bb7 8. a4 a6 9. O-O Nbd7 10. d3 Rc8 11. Nc3 Be7 12. Bd2 O-O 13. Rfc1 Qb6 14. Qb3 Ng4 15. Be1 b4 16. a5 Qa7 17. Na4 c5 18. h3 Ngf6 19. Bd2 Bd8 20. e4 Bxa5 21. Be3 Bb6 22. Nd2 a5 23. Nxb6 Qxb6 24. Nc4 Qc7 25. Nxa5 Ba6 26. d4 Rfd8 27. dxc5 Ne5 28. Bf4 Rd3 29. Qxb4 Nh5 30. Qb6 Nxf4 31. gxf4 Ng6 32. Qxc7 Rxc7 33. Bf1 1-0

[Event "Italian Women Championship 2023"]
[Site "Brescia"]
[Date "2023.12.07"]
[Round "5.3"]
[White "Gueci, Tea"]
[Black "Rubinshtein, Kamilla"]
[Result "1-0"]
[ECO "B40"]
[WhiteElo "2160"]
[BlackElo "1921"]
[Annotator "RC"]
[PlyCount "69"]
[EventDate "2023.12.03"]
[EventType "tourn"]
[EventCountry "ITA"]
[SourceTitle "playchess.com"]
[Source "ChessBase"]
[SourceQuality "1"]
[TimeControl "40/6000+30:20/3000+30:900+30"]

1. e4 c5 2. Nf3 e6 3. g3 Nc6 4. Bg2 Qc7 5. O-O Nf6 6. Re1 d6 7. c3 Be7 8. d4 cxd4 9. cxd4 d5 10. e5 Nd7 11. Nc3 O-O 12. Bf4 a6 13. h4 b5 14. Rc1 Qb6 15. Qd3 Re8 16. Bg5 Bf8 17. Bh3 Bb7 18. Be3 Na5 19. Ng5 g6 20. b3 Rac8 21. h5 Qd8 22. hxg6 hxg6 23. Bxe6 Rxe6 24. Nxe6 fxe6 25. Qxg6+ Bg7 26. Qxe6+ Kf8 27. Qf5+ Kg8 28. Ne2 Nc6 29. Qe6+ Kf8 30. Nf4 Ne7 31. Nh5 Qe8 32. Nf6 Bxf6 33. exf6 Ng8 34. Bh6+ Nxh6 35. Rxc8 1-0

[Event "Italian Women Championship 2023"]
[Site "Brescia"]
[Date "2023.12.07"]
[Round "5.4"]
[White "Martinelli, Valeria"]
[Black "Sala, Giulia"]
[Result "1-0"]
[ECO "A36"]
[WhiteElo "1976"]
[BlackElo "2045"]
[Annotator "NA RC"]
[PlyCount "51"]
[EventDate "2023.12.03"]
[EventType "tourn"]
[EventCountry "ITA"]
[SourceTitle "playchess.com"]
[Source "ChessBase"]
[SourceQuality "1"]
[TimeControl "40/6000+30:20/3000+30:900+30"]

1. c4 c5 2. Nc3 Nc6 3. g3 g6 4. Bg2 Bg7 5. e3 d6 6. Nge2 e6 7. O-O Nge7 8. a3 O-O 9. b4 cxb4 10. axb4 Nxb4 11. Ba3 Nec6 12. d4 a5 13. Qb3 Ra6 14. Rab1 f5 15. Nb5 Qe7 16. Nec3 Bd7 17. Nc7 Raa8 18. Nxa8 Rxa8 19. d5 Ne5 20. dxe6 Bxe6 21. Bxb4 axb4 22. Nd5 Qf7 23. Qxb4 Rc8 24. Qxb7 Rxc4 25. Nf4 Rc7 26. Qb8+ 1-0